 Dungeon Crawl Stone Soup version 0.19-a0-526-gbe2e51c (webtiles) character file.

58 DungeonMaster the Magician (level 3, -6/24 HPs)
             Began as a Demonspawn Wizard on June 7, 2016.
             Was a Follower of Vehumet.
             Killed from afar by an orc wizard (10 damage)
             ... with a puff of flame
             ... on level 3 of the Dungeon.
             The game lasted 00:10:38 (2855 turns).

DungeonMaster the Magician (Demonspawn Wizard)      Turns: 2855, Time: 00:10:38

Health: -6/24      AC:  3    Str:  7    XL:     3   Next: 75%
Magic:  1/8        EV: 12    Int: 20    God:    Vehumet [*.....]
Gold:   192        SH:  0    Dex: 11    Spells: 4 memorised, 1 level left

rFire  . . .     SeeInvis .     a - +1 dagger (speed)
rCold  . . .     Gourm    .     n - +0 robe
rNeg   . . .     Faith    .     (no shield)
rPois  .         Spirit   .     b - +0 hat
rElec  .         Dismiss  .     (no cloak)
rCorr  .         Reflect  .     q - +0 pair of gloves
SustAt .         Harm     .     (no boots)
MR     .....                    (no amulet)
Stlth  ++........               (no ring)
                                (no ring)

@: not resistant to hostile enchantments, unstealthy
A: rot immunity
a: Renounce Religion


You were on level 3 of the Dungeon.
You worshipped Vehumet.
Vehumet was aware of your devotion.
You were hungry.

You visited 1 branch of the dungeon, and saw 3 of its levels.

You collected 192 gold pieces.

Inventory:

Hand Weapons
 a - a +1 dagger of speed (weapon)
Missiles
 f - 74 stones (quivered)
 j - 14 poisoned needles
 k - 19 bolts
 p - 23 sling bullets
Armour
 b - a +0 hat (worn)
 h - a cursed -1 shield
 n - a +0 robe (worn)
 q - a +0 pair of gloves (worn)
Scrolls
 e - a scroll of magic mapping
 i - 4 scrolls of remove curse
Books
 c - a book of Minor Magic

   Spells                             Type                      Level
   a - Magic Dart                     Conjuration                  1
   b - Blink                          Translocation                2
   c - Call Imp                       Summoning                    2
   d - Repel Missiles                 Charms/Air                   2
   e - Slow                           Hexes                        2
   f - Conjure Flame                  Conjuration/Fire             3
   g - Mephitic Cloud                 Conjuration/Poison/Air       3
Comestibles
 d - 2 bread rations
 g - 4 meat rations
 l - a slice of pizza
 m - a beef jerky


   Skills:
 - Level 1.7 Dodging
 - Level 1.7 Stealth
 * Level 3.9 Spellcasting
 * Level 2.4 Conjurations
   Level 1.0 Summonings
 - Level 0.8 Translocations


You had one spell level left.
You knew the following spells:

 Your Spells              Type           Power        Failure   Level  Hunger
a - Magic Dart            Conj           ##..         6%          1    None
b - Repel Missiles        Chrm/Air       #.....       24%         2    ##.....
c - Blink                 Tloc           N/A          17%         2    ##.....
d - Conjure Flame         Conj/Fire      #.......     24%         3    ###....


Dungeon Overview and Level Annotations

Branches:
Dungeon (3/15)

Altars:
Vehumet

Annotations:
D:3 Kidiri's ghost, novice DEFE


Innate Abilities, Weirdness & Mutations

You are immune to rotting.


Message History

* * * LOW HITPOINT WARNING * * *
You hit the orc wizard.
The orc wizard is severely wounded.
The orc wizard hits you but does no damage.
You barely miss the orc wizard.
The orc wizard is severely wounded.
The orc wizard hits you with a dagger of protection.
* * * LOW HITPOINT WARNING * * *
You barely miss the orc wizard.
The orc wizard is severely wounded.
The orc wizard closely misses you.
You hit the orc wizard.
The orc wizard is almost dead.
The orc wizard hits you with a dagger of protection.
* * * LOW HITPOINT WARNING * * *
You hit the orc wizard but do no damage.
The orc wizard is almost dead.
The orc wizard gestures at you while chanting.
The puff of flame hits you!
You die...

#...###.##..# ##.#
##.#.#### #. #.#
##..##.. . . ##.##
##.#.##.# .#..
....###.##.##.# ....?
###.)#.###.##.#####.....
.......# #.##..§§§§.....
.#####.# #.##.§§§§§.....
.# #.###.##.##@##.### .#
#.....##.##o# .#
#........##{#
.#####.#########o#
.......# #o# ########
#.# #.# #.#


You could see an orc wizard and 2 orcs.

Vanquished Creatures
  2 adders
  3 worms (D:2)
  A dart slug (D:1)
  A giant gecko (D:3)
  2 giant cockroaches
  4 goblins
  2 hobgoblins
  6 kobolds
  A quokka (D:2)
  5 bats
  A giant newt (D:2)
  A rat (D:3)
29 creatures vanquished.

Notes
Turn   | Place    | Note
--------------------------------------------------------------
     0 | D:1      | DungeonMaster the Demonspawn Wizard began the quest for the Orb.
     0 | D:1      | Reached XP level 1. HP: 13/13 MP: 4/4
   447 | D:1      | Gained mutation: You are immune to rotting. [demonic ancestry]
   447 | D:1      | Reached XP level 2. HP: 11/19 MP: 1/6
   746 | D:2      | Found a radiant altar of Vehumet.
   752 | D:2      | Became a worshipper of Vehumet
   775 | D:2      | Learned a level 2 spell: Repel Missiles
   778 | D:2      | Learned a level 2 spell: Blink
  1757 | D:2      | Reached XP level 3. HP: 21/24 MP: 2/8
  2430 | D:3      | Noticed Kidiri's ghost (novice DEFE)
  2647 | D:3      | Reached * piety under Vehumet
  2647 | D:3      | Offered knowledge of Sandblast by Vehumet.
  2674 | D:3      | Learned a level 3 spell: Conjure Flame
  2704 | D:3      | Found a faded altar of an unknown god.
  2855 | D:3      | Killed from afar by an orc wizard

Vault maps used:
D:1:      dpeg_arrival_leaves_temple_mockup, st_stairs_12
D:2:      nicolae_overflow_crystal_walls, first_bread
D:3:      ecumenical_altar_2, minmay_rat_hole

Skill      XL: |  1  2 |
---------------+-------+-----
Conjurations   | 2 |  2.4
Dodging        | |  1.7
Stealth        | |  1.7
Spellcasting   | |  3.9
Summonings     | |  1.0
Translocations | |  0.8

Action                   || total
-------------------------++-------
Melee: Unarmed           ||     3
       Dagger            ||    64
 Cast: Magic Dart        ||    95
  Use: Scroll            ||     6
       Potion            ||     2
 Stab: Sleeping          ||     1
  Eat: Chunk             ||     5
Armor: Robe              ||    14
Dodge: Dodged            ||    41
